 Dungeon Crawl Stone Soup version 0.29-a0-416-g83a48905f1 (webtiles) character file.

Game seed: 18090319901202157861

1036 Parzival711 the Chopper (level 8, 0/70 HPs)
             Began as a Hill Orc Fighter on May 16, 2022.
             Slain by an orc
             ... wielding a +0 trident
              (4 damage)
             ... on level 5 of the Dungeon.
             The game lasted 00:08:00 (7042 turns).

Parzival711 the Chopper (Hill Orc Fighter)          Turns: 7042, Time: 00:08:01

Health: 0/70       AC:  7    Str: 21    XL:     8   Next: 24%
Magic:  8/8        EV: 10    Int:  8    God:
Gold:   252        SH:  0    Dex: 10    Spells: 7/7 levels left

rFire   . . .      SeeInvis .   a - +0 war axe
rCold   . . .      Faith    .   c - +0 buckler
rNeg    . . .      Spirit   .   b - +0 scale mail
rPois   .          Reflect  .   (no helmet)
rElec   .          Harm     .   (no cloak)
rCorr   .          Rampage  .   (no gloves)
Will    .....                   (no boots)
Stlth   ..........              (no amulet)
HPRegen 0.21/turn               (no ring)
MPRegen 0.11/turn               (no ring)

@: confused, mighty
A: no striking features
a: no special abilities


You were on level 5 of the Dungeon.
You visited 1 branch of the dungeon, and saw 5 of its levels.

You collected 252 gold pieces.

Inventory:

Hand Weapons
 a - a +0 war axe (weapon)
Armour
 b - a +0 scale mail (worn)
 c - a +0 buckler (worn)
Wands
 h - a wand of polymorph (9)
 j - a wand of iceblast (6)
Scrolls
 g - a scroll of magic mapping
 i - a scroll of blinking
 m - 2 scrolls of identify
Potions
 e - a potion of curing {unknown}
 f - a potion of brilliance
 l - 3 potions of flight


   Skills:
 + Level 5.6 Fighting
 + Level 7.9 Axes
 + Level 6.5 Armour
 + Level 2.1 Dodging
 + Level 0.5 Stealth
 + Level 4.1 Shields


You had 7 spell levels left.
You didn't know any spells.
Your spell library contained the following spells:

 Spells                   Type           Power      Damage    Failure   Level
 Beastly Appendage        Tmut           0%         N/A       80%         1
 Wereblood                Tmut           0%         N/A       91%         2
 Conjure Flame            Conj/Fire      0%         6-21      99%         3
 Ignite Poison            Fire/Tmut/Pois 0%         N/A       99%         3
 Spider Form              Tmut/Pois      0%         N/A       99%         3
 Sticky Flame             Conj/Fire      0%         2d3       100%        4


Dungeon Overview and Level Annotations

Branches:
Dungeon (5/15)             Temple (0/1) D:4

Altars:

Shops:
D:2 (


Message History

The orc completely misses you.
You hear some strange, mumbled words.
A puff of flame appears from out of thin air!
The puff of flame hits you. The orc hits you with a +0 trident.
You hear some strange, mumbled words.
A puff of flame appears from out of thin air!
The puff of flame hits you!
* * * LOW HITPOINT WARNING * * *
The orc hits you with a +0 dagger.
* * * LOW HITPOINT WARNING * * *
Something hits you but does no damage. The orc hits you but does no damage.
You hear some strange, mumbled words.
You are confused.
The orc barely misses you. The orc attacks as you move away!
The orc hits you but does no damage.
You miss the orc.
The orc is severely wounded.
You completely miss something. You miss something.
The orc hits you with a +0 dagger.
* * * LOW HITPOINT WARNING * * *
Something hits you.
* * * LOW HITPOINT WARNING * * *
The orc misses you. Something hits you.
* * * LOW HITPOINT WARNING * * *
Something burns you.
* * * LOW HITPOINT WARNING * * *
The orc hits you but does no damage. Something hits you but does no damage.
The orc hits you with a +0 trident!
* * * LOW HITPOINT WARNING * * *
You are too confused!
You feel very mighty all of a sudden. Something hits you.
* * * LOW HITPOINT WARNING * * *
Something burns you.
* * * LOW HITPOINT WARNING * * *
The orc hits you but does no damage. Something hits you but does no damage.
The orc barely misses you. The orc attacks as you move away!
The orc hits you with a +0 trident.
You die...

.....##.....#.
......
............## #...
.............
...##.. ...........#
#......
...........####.####
#.........#.##.# #
#...........##.# #
#..{.......# #.# #
#{@o)...>..###.# #
#.o............####
##.........###..#...
#..........###....##
#.#..../..###......#
#.##.....##.........
.. ###.####.##..####
... #... .......#
... ...########.#


You could see 2 orcs.

Vanquished Creatures
  An ice beast (D:4)
  An orc warrior (D:4)
  2 black bears (D:5)
  A phantom (D:4)
  3 scorpions
  A necrophage (D:5)
  A hound (D:4)
  A jelly (D:5)
  2 iguanas (D:4)
  2 orc wizards
  Natasha (twice) (D:2)
  3 gnolls (D:3)
  6 adders
  An ufetubus (D:4)
  3 orcs
  12 endoplasms
  2 giant cockroaches (D:2)
  8 goblins
  9 hobgoblins
  5 quokkas
  5 ball pythons
  5 bats
  9 frilled lizards
  10 kobolds
  5 rats
100 creatures vanquished.

Notes
Turn   | Place    | Note
-------+----------+-------------------------------------------
     0 | D:1      | Parzival711 the Hill Orc Fighter began the quest for the
                  | Orb.
     0 | D:1      | Reached XP level 1. HP: 19/19 MP: 1/1
   364 | D:1      | Reached XP level 2. HP: 27/27 MP: 2/2
   506 | D:1      | Reached skill level 3 in Axes
   718 | D:1      | Reached XP level 3. HP: 28/33 MP: 3/3
   783 | D:1      | Found a faded altar of an unknown god.
  1174 | D:2      | Found Dosah's Antique Weapon Boutique.
  1611 | D:2      | Noticed Natasha
  1622 | D:2      | Killed Natasha
  1815 | D:2      | Reached XP level 4. HP: 38/40 MP: 4/4
  1842 | D:2      | Reached skill level 4 in Axes
  2120 | D:2      | Noticed Natasha
  2133 | D:2      | Killed Natasha
  2839 | D:3      | Reached XP level 5. HP: 28/47 MP: 5/5
  2846 | D:3      | Reached skill level 5 in Axes
  2859 | D:3      | Reached skill level 1 in Dodging
  4048 | D:4      | Reached XP level 6. HP: 47/53 MP: 6/6
  4481 | D:4      | Noticed an ice beast
  4496 | D:4      | Killed an ice beast
  4497 | D:4      | Reached skill level 6 in Axes
  5023 | D:4      | Reached skill level 5 in Fighting
  5087 | D:4      | Reached skill level 5 in Armour
  5160 | D:4      | Reached XP level 7. HP: 50/61 MP: 7/7
  5487 | D:4      | Found a staircase to the Ecumenical Temple.
  5921 | D:4      | Reached skill level 7 in Axes
  5929 | D:5      | Entered Level 5 of the Dungeon
  6793 | D:5      | Reached XP level 8. HP: 38/69 MP: 8/8
  7042 | D:5      | Slain by an orc

Illustrated notes

Levels and vault maps discovered:
D:1:      minmay_arrival_radiant_lines, layout_loops_corners,
          ebering_ecumenical_altar_box, serial_park_tiny_1
D:2:      layout_basic, serial_shops, nicolae_shop_crystal, uniq_natasha
D:3:      layout_basic
D:4:      minmay_recursive_quarters, layout_basic, minmay_temple_entry_fiery
D:5:      layout_rooms

Skill      XL: |  1  2  3  4  5  6  7  8 |
---------------+-------------------------+-----
Fighting       | 4 5 |  5.6
Axes           | 3 4 5 6 7 |  7.9
Armour         | 4 5 6 |  6.5
Dodging        | 1 2 |  2.1
Shields        | 4 |  4.1
Stealth        | |  0.5

Action                   |  1- 3 |  4- 6 |  7- 9 || total
-------------------------+-------+-------+-------++-------
Melee: War axe           |    77 |   126 |    65 ||   268
  Use: Scroll            |     2 |     9 |       ||    11
       Potion            |     2 |     1 |     2 ||     5
Armor: Scale mail        |    45 |    78 |    61 ||   184
Dodge: Dodged            |    50 |    84 |    58 ||   192
Block: Buckler           |    24 |    27 |    20 ||    71

Table legend: (Time is in decaauts)
 A = Elapsed time spent in this place.
 B = Non-inter-level travel time spent in this place.
 C = Inter-level travel time spent in this place.
 D = Time resting spent in this place.
 E = Time spent auto-exploring this place.
 F = Levels seen in this place.
 G = Mean time per level.
                   A        B        C        D        E       F      G
               +--------+--------+--------+--------+--------+-----+--------+
         Total |   7116 |   6833 |    283 |   1755 |   3982 |   5 | 1423.2 |
       Dungeon |   7116 |   6833 |    283 |   1755 |   3982 |   5 | 1423.2 |
               +--------+--------+--------+--------+--------+-----+--------+

Top non-repeatable levels by time:
     D:4: 2329 daAuts
     D:3: 1723 daAuts
     D:2: 1213 daAuts
     D:1: 1171 daAuts
     D:5: 679 daAuts
